Map: Lightshade LE

Players

Seither

  • Race: Terran Terran

Demi - Winner!

  • Race: Zerg Zerg

Event: DreamHack SC2 Masters 2021 Winter

VOD

Have the link to the VOD?

Description

Time

  • Played on: Oct. 2, 2021, 5:11 a.m.
  • Length: 26:11

All games in this series

Show
View Real Time Build Order
Export as new Build Order

Seither Terran 

Build Orders: Hellion Opening 

Get SALT Encoding   

  12  0:00  SCV  
  13  0:12  SCV  
  14  0:17  Supply Depot  
  14  0:24  SCV  
  15  0:39  SCV  
  15  0:41  Barracks  
  16  0:44  Refinery  
  16  0:51  SCV  
  17  1:03  SCV  
  18  1:15  SCV  
  19  1:28  Orbital Command  
  19  1:30  Barracks Reactor  
  19  1:40  Command Center  
  19  1:50  Supply Depot  
  19  1:55  SCV  
  20  2:06  Factory  
  20  2:09  Marine x2  
  20  2:13  SCV  
  23  2:19  Refinery  
  23  2:25  SCV  
  23  2:27  Marine x2  
  26  2:37  SCV  
  27  2:49  SCV  
  28  2:51  Starport  
  28  2:53  Orbital Command  
  28  3:00  Hellion x2  
  28  3:02  Marine  
  33  3:07  SCV  
  34  3:22  Marine  
  34  3:25  Supply Depot  
  35  3:27  Hellion x2  
  35  3:31  Armory  
  39  3:35  Medivac  
  39  3:41  SCV x2  
  43  3:43  Marine  
  44  3:54  Hellion  
  44  3:55  Hellion  
  48  4:01  SCV x2  
  51  4:05  Supply Depot  
  50  4:10  Liberator, Barracks Tech Lab  
  53  4:20  SCV  
  54  4:25  Supply Depot  
  54  4:26  Hellion x4, SCV  
  54  4:27  Hellion x2  
  54  4:28  Supply Depot  
  59  4:33  Marine  
  59  4:34  Stimpack  
  59  4:37  Hellion x2  
  60  4:40  SCV x2  
  62  4:51  Command Center  
  63  5:00  SCV x2  
  64  5:11  Barracks x2  
  64  5:12  SCV x2  
  66  5:14  Factory Reactor  
  66  5:20  Marine  
  67  5:21  Starport Reactor  
  67  5:25  SCV x2, Engineering Bay  
  67  5:27  Engineering Bay  
  69  5:31  Supply Depot  
  69  5:36  Refinery  
  69  5:37  SCV x2, Refinery  
  69  5:38  Marine  
  72  5:49  SCV x2  
  74  5:54  Terran Infantry Weapons Level 1  
  74  5:55  Terran Infantry Armor Level 1  
  74  5:56  Marine  
  75  6:01  SCV x2  
  75  6:04  Orbital Command  
  77  6:05  Factory Reactor  
  77  6:07  Marine  
  77  6:08  Marine  
  77  6:09  Barracks x2  
  79  6:13  SCV  
  79  6:14  SCV  
  81  6:19  Combat Shield  
  81  6:20  Medivac x2, Marine  
  82  6:26  Marine x2  
  82  6:27  Marine  
  85  6:36  SCV x2  
  87  6:46  Marine x4  
  91  6:47  Widow Mine  
  91  6:48  Widow Mine, Orbital Command  
  91  6:49  SCV x2  
  91  6:53  Supply Depot x2  
  97  6:58  Barracks Reactor x2  
  97  7:00  Supply Depot  
  97  7:02  Medivac x2  
  101  7:14  SCV x3  
  104  7:15  Marine  
  104  7:16  Marine x2  
  104  7:21  Marine x2  
  109  7:25  Supply Depot  
  109  7:26  Supply Depot, SCV x2  
  109  7:27  SCV  
  103  7:42  SCV, Marine x2  
  103  7:43  SCV  
  103  7:46  Widow Mine x2  
  103  7:47  Medivac x2  
  109  7:51  Marine x2  
  109  7:57  Terran Infantry Weapons Level 2  
  103  8:02  Command Center  
  102  8:06  Marine x3  
  102  8:07  Terran Infantry Armor Level 2  
  102  8:10  Supply Depot x2, SCV x2  
  107  8:18  Marine x3  
  107  8:19  Marine  
  111  8:26  Widow Mine x2  
  111  8:28  SCV x2  
  111  8:29  SCV  
  111  8:30  Factory  
  111  8:33  Marine x2  
  111  8:34  Marine  
  117  8:42  Marine  
  117  8:43  Marine x2  
  117  8:46  SCV  
  117  8:47  Supply Depot x2, SCV  
  122  8:48  Refinery  
  122  8:49  Refinery  
  122  8:55  Medivac x2  
  122  8:57  Barracks  
  122  8:58  Barracks  
  122  9:00  Barracks  
  126  9:04  Marine x3  
  126  9:05  Marauder, Marine  
  126  9:06  Widow Mine x2  
  136  9:10  SCV x3  
  136  9:15  Supply Depot  
  139  9:18  Missile Turret  
  139  9:20  Missile Turret, Sensor Tower  
  139  9:28  Marine  
  139  9:29  Marine x4  
  139  9:30  Factory Tech Lab  
  139  9:31  Widow Mine x2  
  145  9:48  Barracks Tech Lab  
  145  9:49  Barracks Tech Lab x2  
  145  9:50  Marauder, Marine x3  
  145  9:51  Missile Turret  
  145  9:52  Missile Turret  
  150  9:59  Drilling Claws, Thor  
  150  10:00  Widow Mine x2  
  150  10:03  Planetary Fortress  
  150  10:06  SCV x3  
  163  10:12  Medivac x2  
  163  10:13  Marine x2  
  169  10:14  Sensor Tower  
  169  10:22  Concussive Shells  
  169  10:23  Marauder x2  
  169  10:24  Missile Turret  
  169  10:27  Supply Depot  
  171  10:39  Marauder x2, Terran Infantry Weapons Level 3, Terran Infantry Armor Level 3, Marine  
  171  10:42  Medivac x2  
  178  10:45  Thor  
  178  10:46  Missile Turret  
  178  10:48  Missile Turret  
  184  10:53  Marine x4  
  184  10:54  Marauder, Marine  
  191  11:08  Marine  
  191  11:09  Marauder x2, Marine  
  196  11:16  Command Center  
  196  11:21  Widow Mine  
  196  11:22  Widow Mine  
  200  11:25  Factory  
  200  11:29  Barracks  
  200  11:31  Barracks  
  194  11:41  Thor  
  194  11:45  Missile Turret x2  
  198  11:47  Missile Turret  
  198  11:51  Missile Turret  
  196  12:07  Marine x2  
  196  12:08  Marauder  
  198  12:15  Factory Reactor  
  198  12:20  Barracks Tech Lab  
  198  12:21  Marauder x2  
  198  12:22  Missile Turret  
  199  12:27  Missile Turret x2  
  199  12:32  Barracks Tech Lab  
  199  12:45  Marine  
  200  12:56  Missile Turret  
  200  12:59  Missile Turret  
  174  13:17  Marauder, Marine x2  
  174  13:18  Marauder  
  172  13:25  Thor  
  172  13:26  Marauder, Widow Mine x2, Marine  
  172  13:27  Marauder  
  187  13:32  Supply Depot x3  
  181  13:49  Ghost Academy  
  181  13:53  Marine x6  
  181  13:54  Marauder x4, Marine  
  189  13:56  Supply Depot, Orbital Command  
  189  13:57  Marauder x2, Supply Depot  
  189  13:58  Widow Mine x2  
  194  14:05  Missile Turret, Planetary Fortress  
  194  14:06  Missile Turret  
  194  14:07  Missile Turret, SCV  
  194  14:09  Supply Depot  
  195  14:18  Marauder, Widow Mine, SCV  
  195  14:19  Missile Turret  
  195  14:20  Widow Mine, Marine  
  195  14:21  SCV, Marine  
  195  14:22  Marauder  
  200  14:24  Marauder  
  199  14:34  Marauder, Widow Mine  
  199  14:38  Marauder  
  200  14:44  Command Center  
  186  15:02  Marine  
  186  15:03  Marauder x2, Marine  
  186  15:04  Widow Mine x2  
  161  15:10  Marauder, Marine x2  
  161  15:11  Marauder  
  161  15:12  Marine x2  
  161  15:13  Marauder x2, Marine  
  128  15:15  Widow Mine x2  
  128  15:17  Medivac x2, Marine  
  128  15:20  Marine x2  
  135  15:23  Widow Mine  
  135  15:24  Marauder  
  135  15:25  Marauder  
  135  15:28  Marine x2  
  134  15:30  Marine x2  
  134  15:31  Marine  
  134  15:32  Marauder x2  
  134  15:34  Marauder  
  134  15:35  Marauder, Marine  
  126  15:45  Marine x3  
  126  15:46  Marauder x2, Marine  
  126  15:47  Medivac x2  
  126  15:48  SCV x2  
  126  15:49  SCV x3  
  143  15:53  Marauder x2  
  143  15:56  Marauder  
  144  15:57  Widow Mine x4  
  144  15:58  Marine x2  
  144  16:00  SCV  
  144  16:01  SCV  
  150  16:06  SCV  
  150  16:07  SCV x2  
  153  16:15  Marauder x2  
  153  16:16  Medivac  
  153  16:17  Medivac  
  163  16:18  Widow Mine  
  163  16:19  Widow Mine x3  
  163  16:25  SCV x3  
  172  16:32  Missile Turret  
  174  16:40  Widow Mine x3  
  174  16:42  Marine x2  
  174  16:43  Marauder x2  
  174  16:44  Missile Turret  
  174  16:45  SCV x5  
  183  17:07  Marine x3  
  183  17:08  Marauder x3  
  189  17:14  Marauder x2, Marine x2  
  190  17:19  Widow Mine x2, SCV x2  
  190  17:20  SCV  
  180  17:25  Marine  
  180  17:26  Marauder  
  180  17:29  Marine x2  
  178  17:30  Marauder x3, Marine  
  178  17:31  Widow Mine x2  
  180  17:40  Widow Mine x2  
  171  17:59  Marine x3  
  171  18:00  Marauder x3  
  180  18:11  Marine x3  
  177  18:17  Thor, Orbital Command  
  181  18:20  Supply Depot  
  181  18:21  Supply Depot  
  181  18:23  Medivac  
  177  18:35  Widow Mine x2  
  181  18:42  Marauder x2, Marine x2  
  187  19:01  Marine x2  
  187  19:02  Marauder x2  
  157  19:08  Widow Mine x2  
  134  19:19  Marine  
  134  19:20  Marauder x3, Marine x2  
  136  19:31  Marine x2  
  137  19:33  Widow Mine x2  
  141  19:44  SCV x2  
  141  19:45  SCV, Marine x4  
  148  19:56  Orbital Command  
  148  19:57  Widow Mine x2  
  148  19:58  Widow Mine  
  152  20:08  Marauder x2  
  156  20:20  Missile Turret  
  156  20:23  Widow Mine x2, Marine  
  161  20:32  Medivac  
  165  20:35  Widow Mine, Marine x2  
  160  20:52  Marine x4  
  160  20:53  Marauder x3  
  167  21:03  Widow Mine x2, Medivac x2  
  162  21:10  Widow Mine, Marine x3  
  167  21:22  Marine x2  
  167  21:23  Marauder x2, Marine x3  
  167  21:24  Marauder, Widow Mine  
  179  21:41  Widow Mine x2, Medivac  
  179  21:42  Marine x2  
  179  21:45  SCV x3  
  190  21:48  Refinery  
  190  21:49  Refinery  
  190  21:53  Marine x3  
  190  21:54  Marauder x3  
  197  22:00  Widow Mine  
  197  22:02  Marine x2  
  197  22:04  Missile Turret, Factory Tech Lab  
  191  22:15  Marine  
  191  22:16  Marauder x2, Marine  
  191  22:22  Marauder x2, Marine x2  
  195  22:26  Marauder x2  
  193  22:30  Marine x2  
  180  22:37  Marauder  
  180  22:38  Marauder  
  180  22:39  Marine  
  173  22:45  Marine  
  173  22:46  Marauder  
  173  22:47  Medivac x2  
  173  22:51  Marine x2  
  172  23:04  Marine x2  
  174  23:21  Marine  
  174  23:22  Marauder x3, Marine x3  
  174  23:23  Marauder  
  167  23:34  Marine x3  
  161  23:51  Medivac x2  
  116  24:12  Marine x2  
  116  24:13  Marine x6  
  117  24:21  Medivac x2  
  121  24:28  Marine x4  
  121  24:29  Marauder, Thor  
  121  24:31  Widow Mine x2  
  137  24:37  Missile Turret  
  137  24:44  Marine x2  
  139  24:47  Orbital Command  
  139  24:51  Medivac x2, Marine  
  139  24:52  Marine x5  
  149  24:53  Marauder  
  151  25:09  Widow Mine  
  151  25:11  Marine  
  151  25:12  Thor  
  147  25:17  Marine x3  
  140  25:33  Marine x4  
Show
View Real Time Build Order
Export as new Build Order

Demi Zerg - Winner!

Build Orders: Hatch First 

Get SALT Encoding   

  12  0:00  Drone  
  13  0:12  Overlord  
  13  0:16  Drone  
  14  0:31  Drone x2  
  16  0:49  Hatchery  
  15  0:52  Drone  
  15  0:54  Drone  
  17  0:57  Drone  
  18  1:08  Extractor  
  17  1:14  Spawning Pool  
  17  1:16  Drone  
  17  1:19  Drone  
  18  1:28  Drone  
  19  1:39  Drone  
  20  1:51  Drone  
  21  2:01  Queen x2  
  23  2:02  Zergling x4  
  27  2:11  Overlord  
  27  2:16  Drone  
  27  2:22  Hatchery  
  27  2:24  Drone  
  28  2:30  Drone  
  28  2:36  Queen  
  31  2:37  Drone  
  31  2:41  Drone  
  31  2:43  Metabolic Boost  
  33  2:49  Overlord  
  33  2:57  Drone x3  
  36  3:07  Queen, Overlord  
  36  3:10  Drone  
  36  3:12  Drone  
  40  3:20  Queen  
  40  3:23  Drone x2  
  44  3:34  Drone x2  
  44  3:35  Drone, Queen  
  44  3:36  Overlord  
  49  3:44  Zergling x4  
  49  3:45  Queen  
  53  3:52  Drone x2  
  53  3:55  Overlord  
  55  3:58  Drone  
  56  4:03  Baneling Nest, Overlord  
  56  4:05  Zergling x4  
  56  4:09  Drone  
  58  4:10  Overlord  
  58  4:11  Zergling x2  
  58  4:12  Zergling x2  
  60  4:18  Queen  
  60  4:21  Zergling x6  
  64  4:25  Queen  
  64  4:31  Queen  
  66  4:36  Drone  
  66  4:37  Drone x4  
  73  4:46  Drone x3  
  73  4:47  Drone  
  73  4:48  Baneling x3  
  73  4:49  Spore Crawler  
  76  4:54  Spore Crawler, Extractor  
  76  4:55  Extractor  
  76  4:58  Drone  
  76  4:59  Drone x4  
  78  5:04  Overlord  
  78  5:05  Overlord  
  78  5:12  Drone x3  
  81  5:16  Overlord x2  
  81  5:21  Spore Crawler  
  81  5:24  Lair  
  81  5:27  Drone x4  
  84  5:40  Drone  
  84  5:41  Drone x8  
  87  5:50  Zergling x2  
  87  5:51  Zergling x4  
  87  5:56  Drone x2  
  87  5:57  Drone  
  91  6:00  Drone x3  
  91  6:04  Drone x4, Extractor  
  96  6:07  Drone  
  96  6:08  Extractor  
  96  6:09  Extractor  
  96  6:20  Drone x5  
  96  6:21  Drone  
  96  6:22  Hatchery  
  101  6:27  Centrifugal Hooks  
  101  6:30  Spire  
  100  6:32  Drone  
  100  6:33  Drone x2  
  100  6:35  Drone x4  
  100  6:39  Overlord x2  
  106  6:49  Evolution Chamber  
  106  6:50  Drone, Spire  
  106  6:51  Drone, Evolution Chamber  
  106  6:53  Overlord  
  105  6:54  Overlord  
  105  6:57  Baneling x4  
  105  6:59  Zergling x6  
  108  7:06  Zergling x4  
  108  7:07  Zergling x8  
  113  7:09  Baneling x2  
  113  7:13  Zergling x4  
  115  7:20  Zergling x8  
  115  7:22  Baneling x3  
  119  7:23  Baneling x2  
  119  7:24  Zerg Melee Weapons Level 1  
  119  7:25  Zerg Ground Armor Level 1  
  119  7:27  Zergling x12  
  119  7:29  Baneling x4  
  125  7:34  Zergling x2  
  125  7:35  Zergling x6  
  119  7:47  Zergling x2  
  119  7:48  Zergling x8  
  119  7:50  Baneling x6  
  124  7:56  Zergling x10  
  120  8:04  Overseer  
  118  8:12  Overlord x2  
  118  8:14  Zerg Flyer Weapons Level 1  
  118  8:17  Hatchery  
  118  8:19  Pneumatized Carapace  
  117  8:22  Extractor  
  117  8:25  Mutalisk  
  117  8:26  Mutalisk x7  
  132  8:31  Mutalisk  
  134  8:36  Zergling x6  
  136  8:45  Drone x3  
  136  8:46  Drone x5  
  144  8:59  Zergling x18  
  144  9:00  Zergling x4  
  155  9:10  Drone x3  
  155  9:11  Drone  
  155  9:12  Extractor  
  155  9:16  Overlord x2  
  155  9:17  Overlord x2  
  158  9:21  Zerg Ground Armor Level 2, Zerg Melee Weapons Level 2  
  158  9:22  Hatchery  
  156  9:33  Mutalisk x4  
  156  9:36  Zergling x18  
  173  9:39  Overseer  
  173  9:47  Zergling x2  
  173  9:48  Zergling x18  
  183  9:53  Mutalisk x3  
  185  10:01  Baneling x7  
  185  10:02  Baneling x2  
  185  10:07  Drone x2  
  187  10:08  Baneling x3  
  187  10:09  Zerg Flyer Weapons Level 2  
  187  10:13  Mutalisk x4  
  194  10:21  Zergling x6  
  197  10:27  Infestation Pit  
  196  10:30  Baneling x7  
  196  10:31  Baneling x3  
  195  10:36  Baneling  
  195  10:37  Baneling x4  
  195  10:39  Zergling x18  
  190  11:13  Hive  
  190  11:19  Zergling x4  
  190  11:20  Queen, Overlord x2  
  194  11:26  Hatchery  
  194  11:32  Hatchery, Zergling x18  
  198  11:44  Baneling  
  198  11:45  Baneling  
  187  12:05  Zergling x12  
  187  12:06  Zergling x12  
  184  12:16  Zergling x34  
  184  12:17  Zergling x2  
  193  12:25  Overseer x3, Zerg Flyer Armor Level 1  
  193  12:30  Zerg Melee Weapons Level 3, Zerg Ground Armor Level 3  
  193  12:33  Adrenal Glands  
  193  12:34  Ultralisk Cavern  
  192  12:38  Baneling x2  
  192  12:39  Baneling x6  
  192  12:41  Zergling x14  
  199  12:49  Baneling  
  199  12:50  Baneling x4  
  199  12:56  Baneling x12  
  189  13:07  Zergling x16  
  189  13:08  Zergling x8  
  193  13:17  Zergling x20  
  176  13:22  Chitinous Plating  
  176  13:23  Ultralisk  
  176  13:24  Ultralisk, Zergling x2  
  176  13:28  Ultralisk  
  176  13:29  Ultralisk, Zergling x4  
  186  13:39  Mutalisk x7  
  192  13:59  Zergling x14  
  199  14:08  Baneling x9  
  197  14:21  Mutalisk x3  
  196  14:26  Hatchery  
  196  14:27  Baneling x15  
  196  14:28  Baneling x4  
  194  14:37  Zergling x22  
  199  14:41  Anabolic Synthesis  
  199  14:49  Overlord  
  194  15:05  Zergling x26  
  170  15:12  Drone x2  
  170  15:13  Drone x2  
  150  15:18  Ultralisk x3  
  143  15:42  Drone x2  
  145  15:43  Drone x8  
  153  15:51  Mutalisk x6  
  163  16:08  Zergling x8  
  167  16:19  Drone x7  
  167  16:20  Extractor  
  173  16:29  Hatchery  
  172  16:34  Baneling x4  
  172  16:35  Baneling  
  172  16:36  Zergling x18  
  172  16:37  Zergling x2  
  182  16:42  Zergling x10  
  187  16:58  Baneling  
  187  16:59  Baneling x12  
  187  17:01  Zergling x20  
  188  17:16  Zergling x2  
  188  17:17  Zergling x26  
  193  17:27  Zergling x6  
  187  17:44  Zergling x4  
  187  17:45  Zergling x10  
  190  18:00  Baneling x7  
  190  18:01  Baneling x3  
  190  18:17  Overlord  
  190  18:18  Hatchery, Overlord  
  189  18:23  Zergling x16  
  197  18:28  Baneling x5  
  197  18:29  Baneling x6  
  197  18:44  Baneling  
  197  18:45  Baneling x19  
  197  18:47  Baneling x15  
  193  18:59  Zergling x24  
  161  19:17  Ultralisk x2, Zergling x4  
  174  19:28  Mutalisk x4  
  182  19:39  Mutalisk  
  182  19:40  Mutalisk x3  
  182  19:45  Burrow  
  190  19:50  Spore Crawler  
  189  20:03  Spore Crawler  
  189  20:06  Zergling x2  
  189  20:07  Zergling x20  
  200  20:22  Greater Spire  
  200  20:24  Hatchery  
  199  20:45  Zerg Flyer Weapons Level 3  
  199  21:08  Corruptor x2  
  199  21:16  Extractor  
  199  21:17  Extractor  
  197  21:23  Extractor  
  196  21:30  Corruptor x4  
  189  21:42  Spore Crawler  
  189  21:54  Zerg Flyer Armor Level 2  
  189  22:00  Spine Crawler  
  188  22:03  Brood Lord x3  
  193  22:09  Spore Crawler  
  184  22:18  Zergling x22  
  184  22:19  Zergling x8  
  182  22:23  Zergling x2  
  176  22:31  Zergling x8  
  176  22:36  Brood Lord x2  
  174  22:52  Zergling x2  
  174  22:53  Zergling x18, Queen  
  174  22:55  Drone  
  174  22:56  Spine Crawler, Spore Crawler  
  185  23:03  Overseer  
  185  23:10  Hatchery  
  183  23:13  Zergling x2  
  183  23:14  Zergling x16  
  188  23:21  Drone x2  
  187  23:32  Zergling x8  
  169  23:39  Baneling  
  169  23:40  Baneling x9  
  150  23:44  Zergling x8  
  150  23:46  Hatchery  
  146  23:59  Zergling x14  
  144  24:03  Zergling x2  
  132  24:12  Ultralisk  
  132  24:13  Ultralisk, Zergling x2  
  125  24:20  Brood Lord  
  125  24:23  Zergling x2  
  125  24:24  Zergling x6  
  131  24:28  Drone  
  131  24:29  Drone x3  
  135  24:35  Zergling x6  
  138  24:44  Baneling x3  
  138  24:45  Baneling x2  
  138  24:56  Drone  
  138  24:57  Drone x11  
  148  25:08  Zergling x12  
  153  25:16  Spore Crawler  
  153  25:18  Zergling x2  
  153  25:19  Zergling x10  
  153  25:20  Drone  
  153  25:21  Drone x3  
  146  25:47  Zergling x4  
  146  25:48  Zergling x22  

Tags
 
Add a new tag
Caveats
  • Supply blocks, unpowered buildings, or Contaminate may cause inaccurate times.
  • Supply counts are checked every 10 seconds.